 Dungeon Crawl Stone Soup version 0.28.0-43-g3370ac3207 (webtiles) character file.

Game seed: 1833739636018586538

7836 pkoi the Tainter (level 11, -6/61 HPs)
             Began as an Octopode Venom Mage on Mar 17, 2022.
             Was a Follower of Sif Muna.
             Mangled by a troll (14 damage)
             ... on level 9 of the Dungeon.
             The game lasted 00:30:02 (19304 turns).

pkoi the Tainter (Octopode Venom Mage)             Turns: 19304, Time: 00:30:02

Health: -6/61      AC:  1    Str:  7    XL:     11   Next: 21%
Magic:  5/18       EV: 17    Int: 22    God:    Sif Muna [*.....]
Gold:   364        SH:  0    Dex: 13    Spells: 5/20 levels left

rFire   + . .      SeeInvis .   b - +5 short sword of Padebof {vorpal, rPois rF+ Will+}
rCold   . . .      Faith    .   (no shield)
rNeg    . . .      Spirit   .   (helmet restricted)
rPois   +          Reflect  .   k - amulet of the acrobat
rElec   .          Harm     .   n - +4 ring of evasion
rCorr   .          Rampage  .   l - ring of willpower
Will    ++...                   (no ring)
Stlth   ++++......              (no ring)
HPRegen 0.20/turn               (no ring)
MPRegen 0.16/turn               (no ring)
                                (no ring)
                                (no ring)

@: no status effects
A: almost no armour, amphibious, 8 rings, camouflage 1, gelatinous body 1,
(nimble swimmer 1), tentacles
a: Renounce Religion, Channel Magic


You were on level 9 of the Dungeon.
You worshipped Sif Muna.
Sif Muna was aware of your devotion.
You visited 2 branches of the dungeon, and saw 10 of its levels.
You also visited: Ossuary.

You collected 364 gold pieces.

Inventory:

Hand Weapons
 a - a +1 vampiric spear
 b - the +5 short sword of Padebof (weapon) {vorpal, rPois rF+ Will+}
   (You found it on level 2 of the Dungeon)

   It inflicts extra damage upon your enemies.
   rF:        It protects you from fire.
   rPois:     It protects you from poison.
   Will:      It increases your willpower.
 c - a +2 spear of venom
 y - a +4 great sword of freezing
Missiles
 u - a throwing net
Jewellery
 h - the ring "Woampewi" {Ice rN+ Str+4 SInv}
   (You found it on level 3 of the Dungeon)

   [ring of ice]

   It enhances your ice magic.
   Str:       It affects your strength (+4).
   rF:        It makes you vulnerable to fire.
   rC:        It protects you from cold.
   rN:        It protects you from negative energy.
   SInv:      It lets you see invisible.
 k - an amulet of the acrobat (around mantle)
 l - a ring of willpower (right tentacle)
 n - a +4 ring of evasion (left tentacle)
Wands
 t - a wand of iceblast (11)
 v - a wand of paralysis (2)
Scrolls
 d - a scroll of enchant armour
 e - 3 scrolls of immolation
 f - 3 scrolls of enchant weapon
 o - 7 scrolls of teleportation
 s - 5 scrolls of identify
 w - a scroll of holy word
 x - 2 scrolls of blinking
 z - a scroll of fear
Potions
 g - a potion of heal wounds
 i - 5 potions of curing
 j - 2 potions of cancellation
 m - 2 potions of brilliance
 p - 3 potions of might
 q - 4 potions of haste
 r - a potion of ambrosia
 A - a potion of magic
 B - a potion of experience {unknown}


   Skills:
 - Level 2.0 Dodging
 - Level 6.0 Stealth
 + Level 5.3 Spellcasting
 + Level 8.3 Conjurations
 - Level 6.0 Hexes
 - Level 1.7 Transmutations
 + Level 6.7 Fire Magic
 - Level 3.0 Air Magic
 + Level 11.3 Poison Magic


You had 5 spell levels left.
You knew the following spells:

 Your Spells              Type           Power      Damage    Failure   Level
a - Sting                 Tmut/Pois      100%       1d8       1%          1
b - Poisonous Vapours     Pois/Air       74%        N/A       1%          2
c - Foxfire               Conj/Fire      100%       2x1d9     1%          1
d - Olgreb's Toxic Radia  Pois           54%        N/A       1%          4
e - Inner Flame           Hex/Fire       33%        N/A       2%          3
f - Flame Wave            Conj/Fire      38%        2d9       4%          4

Your spell library contained the following spells:

 Spells                   Type           Power      Damage    Failure   Level
 Conjure Flame            Conj/Fire      38%        6-21      1%          3
 Mephitic Cloud           Conj/Pois/Air  39%        N/A       1%          3
 Alistair's Intoxication  Tmut/Pois      22%        N/A       19%         5
 Borgnjor's Vile Clutch   Necr/Erth      2%         N/A       95%         5
 Eringya's Noxious Bog    Tmut/Pois      17%        N/A       71%         6


Dungeon Overview and Level Annotations

Branches:
Dungeon (9/15)             Temple (1/1) D:5         Ossuary (visited)
   Lair: D:8-11         Orc: D:9-12

Altars:
Ashenzari
Fedhas
Gozag
Hepliaklqana
Kikubaaqudgha
Makhleb
Okawaru
Qazlal
Ru
Sif Muna
Trog
Uskayaw
Wu Jian

Annotations:
D:3 3 runed translucent doors, pkoi's ghost, amateur DrMo
D:9 Erica


Innate Abilities, Weirdness & Mutations

You cannot wear most types of armour.
You are amphibious.
You can wear up to eight rings at the same time.
Your skin changes colour to match your surroundings (Stealth+).
Your rubbery body absorbs attacks. (AC +1, EV +1)
((You are camouflaged when in or above water. (Stealth+)))
You have tentacles for arms and can constrict up to eight enemies at once.


Message History

You begin to radiate toxic energy.
Erica is poisoned.
The troll is poisoned.
The troll looks even sicker.
The troll closely misses you. The troll misses you.
The troll barely misses you.
Unknown command.
Casting: Olgreb's Toxic Radiance (dangerous; 1% risk of failure)
Confirm with . or Enter, or press ? or * to list all spells.
Your toxic radiance grows in intensity.
Erica looks even sicker.
The troll bites you!
* * * LOW HITPOINT WARNING * * *
The troll barely misses you. x2
Unknown command.
Erica looks even sicker.
The troll looks even sicker.
The troll looks as sick as possible!
Your toxic aura wanes.
The troll bites you!
* * * LOW HITPOINT WARNING * * *
The troll completely misses you. The troll misses you.
Erica casts a spell at you. The lance of force misses you.
Casting: Olgreb's Toxic Radiance (dangerous; 1% risk of failure)
Confirm with . or Enter, or press ? or * to list all spells.
Aiming: Inner Flame (dangerous; 2% risk of failure)
Press: ? - help, Dir - move target, f - troll
Aim: a troll (moderately wounded, extremely poisoned, chance to affect: 86%)
The troll barely resists.
The troll completely misses you. The troll claws you!
* * * LOW HITPOINT WARNING * * *
The troll closely misses you.
Unknown command.
Casting: Inner Flame (dangerous; 2% risk of failure)
Confirm with . or Enter, or press ? or * to list all spells.
Aiming: Inner Flame (dangerous; 2% risk of failure)
Press: ? - help, Dir - move target, f/p - troll
Aim: a troll (moderately wounded, extremely poisoned, chance to affect: 86%)
The troll is filled with an inner flame.
Flame seeps out of the troll.
The troll is engulfed in blazing flames.
Flame seeps out of the troll.
The troll bites you!
* * * LOW HITPOINT WARNING * * *
The troll claws you!
You die...

########### #
..........# .#
..........# #######.##
.........@# #.....>..#
........@T# #........#
......(.:.###........#
..........'..........###
......^...###...........
..........# #........#
..........# #........#
#+######### ###.######
#.#


You could see Erica (very poisoned) and a troll (inner flame, very poisoned).

Vanquished Creatures
  Erolcha (D:9)
  Pikel (D:8)
  Joseph (D:8)
  Maggie (D:9)
  Prince Ribbit (D:8)
  5 slime creatures (D:8)
  Grum (D:8)
  2 steam dragons (D:7)
  2 water moccasins
  An orc warrior (D:5)
  An ice beast (D:6)
  2 sky beasts
  5 ogres
  4 wolves (D:8)
  A centaur (D:9)
  2 bullfrogs
  2 water moccasin zombies
  14 scorpions
  A jelly (D:7)
  3 killer bees (D:9)
  14 wights
  2 howler monkeys (D:7)
  10 electric eels (D:8)
  A bullfrog zombie (D:3)
  A centaur zombie (D:5)
  3 centaur skeletons
  2 human zombies (Ossuary)
  A hound (D:4)
  An orc priest (D:3)
  2 bullfrog skeletons (D:5)
  2 iguanas
  5 scorpion zombies (Ossuary)
  6 orc wizards
  2 killer bee zombies (D:7)
  A hound skeleton (D:5)
  3 mummies (Ossuary)
  8 gnolls
  3 howler monkey zombies (D:8)
  6 adders
  A howler monkey skeleton (D:7)
  A shadow imp (D:6)
  A white imp (D:7)
  An adder skeleton (D:4)
  2 worms
  3 dart slugs
  27 orcs
  2 bats
  7 endoplasms
  2 giant cockroaches (D:1)
  10 goblins
  5 hobgoblins
  5 jackals
  4 quokkas
  5 ball pythons
  13 frilled lizards
  2 gnoll zombies (Ossuary)
  4 goblin zombies (Ossuary)
  2 hobgoblin zombies (Ossuary)
  11 kobolds
  3 kobold zombies (Ossuary)
  3 rats
238 creatures vanquished.

Vanquished Creatures (collateral kills)
  2 foxfires
2 creatures vanquished.

Vanquished Creatures (others)
  A giant cockroach (D:3)
  337 foxfires
  12 plants
350 creatures vanquished.

Grand Total: 590 creatures vanquished

Notes
Turn   | Place    | Note
-------+----------+-------------------------------------------
     0 | D:1      | pkoi the Octopode Venom Mage began the quest for the Orb.
     0 | D:1      | Reached XP level 1. HP: 11/11 MP: 3/3
   193 | D:1      | Reached XP level 2. HP: 17/17 MP: 1/5
   196 | D:1      | Learned a level 2 spell: Poisonous Vapours
   240 | D:1      | Reached skill level 4 in Poison Magic
   991 | D:1      | Reached XP level 3. HP: 8/21 MP: 6/6
  1431 | D:2      | Identified the +5 short sword of Padebof {vorpal, rPois rF+
                  | Will+}
  1620 | D:2      | Learned a level 1 spell: Foxfire
  2370 | D:2      | Found a faded altar of an unknown god.
  2995 | D:3      | Reached XP level 4. HP: 27/27 MP: 7/7
  3261 | D:3      | Reached skill level 5 in Poison Magic
  3393 | D:3      | Reached skill level 1 in Air Magic
  3393 | D:3      | Reached XP level 5. HP: 31/31 MP: 8/8
  3400 | D:3      | Identified the ring "Woampewi" {Ice rN+ Str+4 SInv}
  4209 | D:3      | Reached skill level 5 in Stealth
  4342 | D:3      | Found a stormy altar of Qazlal.
  4578 | D:3      | Found a runed translucent gate.
  4579 | D:3      | Found a runed translucent gate.
  4580 | D:3      | Found a runed translucent gate.
  4580 | D:3      | Noticed pkoi's ghost (amateur DrMo)
  4580 | D:3      | Noticed a kobold brigand
  5187 | D:4      | Reached XP level 6. HP: 33/36 MP: 2/9
  5530 | D:4      | Learned a level 4 spell: Olgreb's Toxic Radiance
  5798 | D:4      | Reached skill level 1 in Conjurations
  5798 | D:4      | Reached skill level 1 in Fire Magic
  6562 | D:4      | Reached skill level 6 in Poison Magic
  6562 | D:4      | Reached XP level 7. HP: 41/41 MP: 2/10
  7186 | D:5      | Entered Level 5 of the Dungeon
  7783 | D:5      | Noticed a wraith
  7886 | D:5      | Reached XP level 8. HP: 46/46 MP: 2/11
  8058 | D:5      | Reached skill level 7 in Poison Magic
  8411 | D:6      | Found a sand-covered staircase.
  8416 | Ossuary  | Entered an ossuary
  9540 | Ossuary  | Reached skill level 8 in Poison Magic
  9812 | Ossuary  | Reached skill level 5 in Conjurations
  9812 | Ossuary  | Reached skill level 5 in Fire Magic
 10031 | Ossuary  | Reached XP level 9. HP: 51/51 MP: 5/12
 10854 | D:5      | Learned a level 3 spell: Inner Flame
 11122 | D:5      | Found a staircase to the Ecumenical Temple.
 11132 | Temple   | Entered the Ecumenical Temple
 11151 | Temple   | Became a worshipper of Sif Muna the Loreminder
 11400 | D:6      | Reached skill level 1 in Hexes
 11891 | D:6      | Reached skill level 9 in Poison Magic
 14674 | D:7      | Reached XP level 10. HP: 49/56 MP: 14/14
 14846 | D:8      | Noticed Joseph
 14856 | D:8      | Killed Joseph
 14857 | D:8      | Reached skill level 10 in Poison Magic
 15503 | D:8      | Noticed Grum
 15805 | D:8      | Noticed Pikel
 15811 | D:8      | Killed Pikel
 16171 | D:8      | Killed Grum
 16228 | D:8      | Reached * piety under Sif Muna
 16618 | D:8      | Reached skill level 5 in Hexes
 17033 | D:8      | Noticed Prince Ribbit
 17045 | D:8      | Killed Prince Ribbit
 17046 | D:8      | Reached skill level 11 in Poison Magic
 17989 | D:8      | Reached XP level 11. HP: 61/61 MP: 13/18
 18475 | D:8      | Reached skill level 5 in Spellcasting
 18905 | D:9      | Noticed Erolcha
 18920 | D:9      | Killed Erolcha
 18991 | D:9      | Noticed Maggie
 19004 | D:9      | Killed Maggie
 19130 | D:9      | Learned a level 4 spell: Flame Wave
 19163 | D:9      | Identified the +2 robe of Beastly Wonder {Int+4}
 19297 | D:9      | Noticed Erica
 19304 | D:9      | Mangled by a troll

Illustrated notes

Levels and vault maps discovered:
D:1:      arrival_zaba_pyramid, layout_basic
D:2:      layout_loops_cross, chequers_ecumenical_altar_simple,
          serial_bayou_crossing
D:3:      layout_basic, grunt_qazlal_clouds, gammafunk_ghost_nasty_kobolds,
          supply_closet_lemuel, st_stairs_6, grunt_ministairs_7,
          nicolae_figureground_sparkle
D:4:      layout_basic, minivault_24, chequers_garden
D:5:      layout_cave_pools, minmay_temple_entry_mini_moons, grunt_ministairs_8
D:6:      layout_rooms, enter_ossuary_2, cheibrodos_sewer_entry_bend,
          minmay_lizard_king
D:7:      layout_basic
D:8:      layout_gridville, serial_bayou, serial_bayou_lagoon_a,
          serial_bayou_shore_a, serial_bayou_pond_e, serial_bayou_lagoon_b,
          uniq_joseph, uniq_grum, uniq_pikel, uniq_prince_ribbit1
D:9:      layout_roguey, erik_orc_1, uniq_psyche, uniq_erolcha, uniq_erica,
          uniq_maggie
Temple:   nicolae_temple_the_god_donut

Skill      XL: |  1  2  3  4  5  6  7  8  9 10 11 |
---------------+----------------------------------+-----
Poison Magic   | 4 5 6 8 9 11 | 11.3
Stealth        | 3 4 5 6 |  6.0
Air Magic      | 1 2 3 |  3.0
Conjurations   | 1 3 5 6 8 |  8.3
Fire Magic     | 1 3 5 6 |  6.7
Hexes          | 3 5 6 |  6.0
Spellcasting   | 4 5 |  5.3
Dodging        | |  2.0
Transmutations | |  1.7

Action                   |  1- 3 |  4- 6 |  7- 9 | 10-12 || total
-------------------------+-------+-------+-------+-------++-------
Melee: Constrict         |     7 |    11 |    25 |     8 ||    51
       Tentacles         |     3 |     8 |    28 |     7 ||    46
       Unarmed           |     1 |       |       |       ||     1
       Spear             |     9 |       |       |       ||     9
       Short sword       |    10 |    52 |    93 |    30 ||   185
       Punch             |       |     1 |     2 |       ||     3
 Cast: Sting             |    57 |    18 |    14 |     4 ||    93
       Poisonous Vapours |     1 |    39 |    62 |    41 ||   143
       Foxfire           |       |     7 |   137 |    49 ||   193
       Inner Flame       |       |       |     4 |    21 ||    25
       Olgreb's Toxic Ra |       |       |     3 |     5 ||     8
  Use: Scroll            |     7 |     1 |     6 |     5 ||    19
       Potion            |       |       |     4 |       ||     4
 Stab: Sleeping          |     1 |     4 |     2 |     2 ||     9
Armor: Skin              |     2 |     3 |     7 |     1 ||    13
Dodge: Dodged            |    20 |    38 |   103 |    52 ||   213
